WINNIPEG Jets vs EDMONTON Oilers

Created - 1 janvier 2019 at 12:00

Goals
1 2 3 T
WINNIPEG Jets 1 0 0 1
EDMONTON Oilers 0 2 0 2
Shots
1 2 3 T
WINNIPEG Jets 11 6 17 34
EDMONTON Oilers 17 9 7 33

1st period

1. WINNIPEG Jets , Logan Couture 13 (Hampus Lindholm 6, Rasmus Ristolainen 22) at 0:52 (PP)

Penalties :
Josh Morrissey (EDM) for Hooking (Minor) at 0:11, Mark Letestu (EDM) for High sticking (Minor) at 0:56, Rasmus Ristolainen (WPG) for Interference (Minor) at 9:33, Andy Andreoff (WPG) for Tripping (Minor) at 11:39, Steven Santini (WPG) for Tripping (Minor) at 14:01

2nd period

2. EDMONTON Oilers , Leo Komarov 9 (Mike Hoffman 18, Niklas Hjalmarsson 12) at 4:59
3. EDMONTON Oilers , Niklas Hjalmarsson 4 (Mike Hoffman 19, Jordan Eberle 18) at 7:42 (PP)

Penalties :
Logan Couture (WPG) for Holding (Minor) at 6:45, Dennis Seidenberg (EDM) for Tripping (Minor) at 17:52

3rd period

No Goal

Penalties :
Josh Morrissey (EDM) for Roughing (Minor) at 8:07, Steven Santini (WPG) for Roughing (Minor) at 14:45

Goalie Stats

Matt Murray (WPG), 31 saves from 33 shots - (0,939), L, 17-14-2, 59:04 minutes
Sergei Bobrovsky (EDM), 33 saves from 34 shots - (0,971), W, 8-17-4, 60:00 minutes

Players Stats for WINNIPEG Jets

Player Name              G  A  P  +/- PIM S  H  SB GA TA FO     MP     PP MP  PK MP  
------------------------------------------------------------------------------------
Andreas Martinsen        0  0  0   0  0   1  1  0  0  0  0/4     6:27   0:00   0:00 
Andy Andreoff            0  0  0   0  2   2  0  0  0  0  0/1     7:30   0:00   1:04 
Derick Brassard          0  0  0   0  0   5  2  0  0  0  6/11   19:16   4:23   1:59 
Dmitry Orlov             0  0  0   0  0   3  3  2  0  0  0/0    20:37   1:59   4:24 
Hampus Lindholm          0  1  1   0  0   2  1  1  0  0  0/0    24:19   4:39   4:29 
Jordan Martinook         0  0  0   0  0   0  1  0  0  0  0/0    15:09   2:15   0:00 
Logan Couture            1  0  1  -1  2   7  0  0  0  0  7/10   21:13   4:23   4:45 
Marco Scandella          0  0  0   0  0   2  1  1  0  0  0/0    20:37   1:59   4:24 
Max Pacioretty           0  0  0  -1  0   1  1  1  0  0  7/17   17:53   0:00   0:00 
Nathan Beaulieu          0  0  0   0  0   0  0  1  0  0  0/0     4:21   0:00   1:08 
Neal Pionk               0  0  0  -1  0   1  0  1  0  0  0/0    11:51   0:00   0:00 
Nino Niederreiter        0  0  0  -1  0   3  1  1  0  0  7/13   22:11   4:23   5:42 
Rasmus Ristolainen       0  1  1   0  2   1  1  0  0  0  0/0    26:23   4:39   3:21 
Riley Nash               0  0  0   0  0   2  0  0  0  0  2/2    15:09   2:15   0:00 
Robby Fabbri             0  0  0   0  0   2  0  0  0  0  0/0    13:02   0:00   0:00 
Ryan Johansen            0  0  0   0  0   1  1  0  0  0  16/24  17:58   2:15   2:41 
Sonny Milano             0  0  0   0  0   1  0  0  0  0  0/1    15:17   0:00   1:35 
Steven Santini           0  0  0  -1  4   0  3  1  0  0  0/0    11:49   0:00   0:00 

Players Stats for EDMONTON Oilers

Player Name              G  A  P  +/- PIM S  H  SB GA TA FO     MP     PP MP  PK MP  
------------------------------------------------------------------------------------
Andrew Shaw              0  0  0   0  0   4  7  0  0  0  0/1    18:51   4:04   0:00 
Brad Hunt                0  0  0   0  0   0  0  2  0  0  0/0    12:09   0:00   0:00 
Brian Flynn              0  0  0   0  0   0  1  0  0  0  1/1    11:58   0:00   0:00 
Cody Franson             0  0  0   0  0   0  1  2  0  0  0/0    21:15   3:39   2:37 
David Desharnais         0  0  0   0  0   0  0  0  0  0  5/6     5:50   0:00   0:00 
Dennis Seidenberg        0  0  0   0  2   1  3  1  0  0  0/0    20:35   3:39   1:58 
Jason Spezza             0  0  0   0  0   1  0  0  0  0  11/22  20:43   4:04   1:52 
Jimmy Vesey              0  0  0   0  0   1  1  0  0  0  0/0    11:58   0:00   0:00 
Jordan Eberle            0  1  1   1  0   4  0  0  0  0  0/1    21:29   4:49   4:46 
Josh Morrissey           0  0  0   1  4   4  1  1  0  0  0/0    25:02   5:14   2:29 
Leo Komarov              1  0  1   1  0   6  1  0  0  0  5/11   18:35   4:49   1:52 
Madison Bowey            0  0  0   0  0   0  1  1  0  0  0/0    14:20   0:00   2:11 
Mark Letestu             0  0  0   0  2   1  0  1  0  0  3/10   11:57   0:00   0:00 
Mike Hoffman             0  2  2   1  0   4  0  1  0  0  11/29  27:19   4:49   4:46 
Niklas Hjalmarsson       1  1  2   1  0   2  2  1  0  0  0/0    26:36   5:14   4:01 
Sam Gagner               0  0  0   0  0   4  2  0  0  0  1/1    18:51   4:04   0:00 
Tanner Glass             0  0  0   0  0   1  0  0  0  0  1/1     5:50   0:00   0:00 
Travis Morin             0  0  0   0  0   0  0  0  0  0  0/0     0:00   0:00   0:00 

3 Stars

1 - Sergei Bobrovsky (EDM)
2 - Niklas Hjalmarsson (EDM)
3 - Leo Komarov (EDM)

Power Play

WINNIPEG Jets - 1 on 4 Attempt(s) - 25,00%
EDMONTON Oilers - 1 on 5 Attempt(s) - 20,00%

Penalty Kill

WINNIPEG Jets - 4 on 5 Attempt(s) - 80,00% - Score 0 goal in Penalty Kill
EDMONTON Oilers - 3 on 4 Attempt(s) - 75,00% - Score 0 goal in Penalty Kill

Team Stat

WINNIPEG Jets - Hits : 16 - Faceoff Wins : 45 - Blocked Shots : 9 - Penalty Minutes : 10
EDMONTON Oilers - Hits : 20 - Faceoff Wins : 38 - Blocked Shots : 10 - Penalty Minutes : 8

Official

Referees : Unknown
Linesman : Unknown

Game Notes

No Game Note

Finance

Level 1 -- Attendance: 4553 (75,88%) -- Ticket Income 455 300 $
Level 2 -- Attendance: 4674 (93,48%) -- Ticket Income 257 070 $
Level 3 -- Attendance: 2648 (52,96%) -- Ticket Income 79 440 $
Level 4 -- Attendance: 4450 (89,00%) -- Ticket Income 80 100 $
Luxury Box -- Attendance: 900 (90,00%) -- Ticket Income 162 000 $
Game was played at the Rexall Place.
Total Attendance: 17225 (78,30%)
Total Ticket Income: 1 033 910 $
Other Income: 403 225 $
Total Income: 1 437 135 $

WINNIPEG Jets

5 vs 5 Forward 
   Center                   Left Wing                Right Wing               Time % Phy DF OF 
 1 Max Pacioretty           Logan Couture            Nino Niederreiter        40     1   2  2  
 2 Ryan Johansen            Robby Fabbri             Sonny Milano             30     1   2  2  
 3 Derick Brassard          Jordan Martinook         Riley Nash               20     1   2  2  
 4 Andreas Martinsen        Andy Andreoff            Max Pacioretty           10     1   2  2  

5 vs 5 Defense 
   Defense                  Defense                                           Time % Phy DF OF 
 1 Rasmus Ristolainen       Hampus Lindholm                                   40     1   2  2  
 2 Dmitry Orlov             Marco Scandella                                   30     1   2  2  
 3 Steven Santini           Neal Pionk                                        20     1   2  2  
 4 Nathan Beaulieu          Rasmus Ristolainen                                10     1   2  2  

PowerPlay Forward 
   Center                   Left Wing                Right Wing               Time % Phy DF OF 
 1 Logan Couture            Derick Brassard          Nino Niederreiter        60     1   2  2  
 2 Ryan Johansen            Jordan Martinook         Riley Nash               40     1   2  2  

PowerPlay Defense
   Defense                  Defense                                           Time % Phy DF OF 
 1 Rasmus Ristolainen       Hampus Lindholm                                   60     1   2  2  
 2 Dmitry Orlov             Marco Scandella                                   40     1   2  2  

Penalty Kill 4 Players Forward 
   Center                   Wing                     Time % Phy DF OF 
 1 Nino Niederreiter        Logan Couture            60     1   2  2  
 2 Ryan Johansen            Derick Brassard          40     1   2  2  

Penalty Kill 4 Players Defense
   Defense                  Defense                  Time % Phy DF OF 
 1 Rasmus Ristolainen       Hampus Lindholm          60     1   2  2  
 2 Dmitry Orlov             Marco Scandella          40     1   2  2  

Penalty Kill - 3 Players Forward 
   Forward                                           Time % Phy DF OF 
 1 Ryan Johansen                                     60     1   2  2  
 2 Derick Brassard                                   40     1   2  2  

Penalty Kill - 3 Players Defense
   Defense                  Defense                  Time % Phy DF OF 
 1 Rasmus Ristolainen       Hampus Lindholm          60     1   2  2  
 2 Dmitry Orlov             Marco Scandella          40     1   2  2  

4 vs 4 Forward 
   Center                   Wing                     Time % Phy DF OF 
 1 Nino Niederreiter        Logan Couture            60     1   2  2  
 2 Ryan Johansen            Derick Brassard          40     1   2  2  

4 vs 4 Defense
   Defense                  Defense                  Time % Phy DF OF 
 1 Rasmus Ristolainen       Hampus Lindholm          60     1   2  2  
 2 Dmitry Orlov             Marco Scandella          40     1   2  2  

Last Minutes Offensive
   Center                   Left Wing                Right Wing               Defense                  Defense                  
   Max Pacioretty           Logan Couture            Nino Niederreiter        Rasmus Ristolainen       Hampus Lindholm          

Last Minutes Defensive
   Center                   Left Wing                Right Wing               Defense                  Defense                  
   Max Pacioretty           Logan Couture            Nino Niederreiter        Rasmus Ristolainen       Hampus Lindholm          

Goaltenders
Starting : Matt Murray              
Backup : Petr Mrazek              

Extra Forwards
Normal : Robby Fabbri, Andy Andreoff, Sonny Milano - PP : Robby Fabbri, Andy Andreoff - PK : Sonny Milano
Extra Defensemen
Normal : Steven Santini, Neal Pionk, Rasmus Ristolainen - PP : Steven Santini - PK : Neal Pionk, Rasmus Ristolainen
Penalty Shots
Robby Fabbri, Andy Andreoff, Ryan Johansen, Derick Brassard, Nino Niederreiter

EDMONTON Oilers

5 vs 5 Forward 
   Center                   Left Wing                Right Wing               Time % Phy DF OF 
 1 Mike Hoffman             Leo Komarov              Jordan Eberle            32     1   2  2  
 2 Jason Spezza             Sam Gagner               Andrew Shaw              27     1   2  2  
 3 Mark Letestu             Jimmy Vesey              Brian Flynn              21     1   2  2  
 4 David Desharnais         Tanner Glass             Mike Hoffman             20     1   2  2  

5 vs 5 Defense 
   Defense                  Defense                                           Time % Phy DF OF 
 1 Josh Morrissey           Niklas Hjalmarsson                                40     1   2  2  
 2 Dennis Seidenberg        Cody Franson                                      30     1   2  2  
 3 Brad Hunt                Madison Bowey                                     20     1   2  2  
 4 Josh Morrissey           Niklas Hjalmarsson                                10     1   2  2  

PowerPlay Forward 
   Center                   Left Wing                Right Wing               Time % Phy DF OF 
 1 Mike Hoffman             Leo Komarov              Jordan Eberle            60     1   2  2  
 2 Jason Spezza             Sam Gagner               Andrew Shaw              40     1   2  2  

PowerPlay Defense
   Defense                  Defense                                           Time % Phy DF OF 
 1 Josh Morrissey           Niklas Hjalmarsson                                60     1   2  2  
 2 Dennis Seidenberg        Cody Franson                                      40     1   2  2  

Penalty Kill 4 Players Forward 
   Center                   Wing                     Time % Phy DF OF 
 1 Mike Hoffman             Jordan Eberle            60     1   2  2  
 2 Leo Komarov              Jason Spezza             40     1   2  2  

Penalty Kill 4 Players Defense
   Defense                  Defense                  Time % Phy DF OF 
 1 Josh Morrissey           Niklas Hjalmarsson       60     1   2  2  
 2 Dennis Seidenberg        Cody Franson             40     1   2  2  

Penalty Kill - 3 Players Forward 
   Forward                                           Time % Phy DF OF 
 1 Mike Hoffman                                      60     1   2  2  
 2 Jordan Eberle                                     40     1   2  2  

Penalty Kill - 3 Players Defense
   Defense                  Defense                  Time % Phy DF OF 
 1 Josh Morrissey           Niklas Hjalmarsson       60     1   2  2  
 2 Dennis Seidenberg        Cody Franson             40     1   2  2  

4 vs 4 Forward 
   Center                   Wing                     Time % Phy DF OF 
 1 Mike Hoffman             Jordan Eberle            60     1   2  2  
 2 Leo Komarov              Jason Spezza             40     1   2  2  

4 vs 4 Defense
   Defense                  Defense                  Time % Phy DF OF 
 1 Josh Morrissey           Niklas Hjalmarsson       60     1   2  2  
 2 Dennis Seidenberg        Cody Franson             40     1   2  2  

Last Minutes Offensive
   Center                   Left Wing                Right Wing               Defense                  Defense                  
   Mike Hoffman             Leo Komarov              Jordan Eberle            Josh Morrissey           Niklas Hjalmarsson       

Last Minutes Defensive
   Center                   Left Wing                Right Wing               Defense                  Defense                  
   Mike Hoffman             Leo Komarov              Jordan Eberle            Josh Morrissey           Niklas Hjalmarsson       

Goaltenders
Starting : Sergei Bobrovsky         
Backup : Antti Niemi              

Extra Forwards
Normal : Travis Morin, Mark Letestu, Jimmy Vesey - PP : Travis Morin, Mark Letestu - PK : Jimmy Vesey
Extra Defensemen
Normal : Brad Hunt, Madison Bowey, Dennis Seidenberg - PP : Brad Hunt - PK : Madison Bowey, Dennis Seidenberg
Penalty Shots
Mike Hoffman, Jordan Eberle, Leo Komarov, Jason Spezza, Sam Gagner


% Time on Ice - WINNIPEG Jets

Lines # - Real PCT - Wanted PCT - Time Play
Normal Forward
1 - 27% - 40% - 11:51
2 - 29% - 30% - 13:02
3 - 29% - 20% - 12:54
4 - 15% - 10% - 6:27
Normal Defense
1 - 34% - 40% - 14:56
2 - 32% - 30% - 14:14
3 - 27% - 20% - 11:51
4 - 7% - 10% - 3:13
PP Forward
1 - 66% - 60% - 4:23
2 - 34% - 40% - 2:15
PP Defense
1 - 70% - 60% - 4:39
2 - 30% - 40% - 1:59
PK Forward
1 - 70% - 60% - 6:12
2 - 30% - 40% - 2:41
PK Defense
1 - 50% - 60% - 4:29
2 - 50% - 40% - 4:24
PK3 Forward
1 - 0% - 60%
2 - 0% - 40%
PK3 Defense
1 - 0% - 60%
2 - 0% - 40%
44 Forward
1 - 0% - 60%
2 - 0% - 40%
44 Defense
1 - 0% - 60%
2 - 0% - 40%
Last Minute Offensive  - 0:15
Last Minute Defensive  - 0:00
Total
Forward - 60:00
Defense - 60:00

% Time on Ice - EDMONTON Oilers

Lines # - Real PCT - Wanted PCT - Time Play
Normal Forward
1 - 26% - 32% - 11:23
2 - 34% - 27% - 14:47
3 - 27% - 21% - 11:58
4 - 13% - 20% - 5:50
Normal Defense
1 - 38% - 40% - 16:50
2 - 34% - 30% - 14:59
3 - 28% - 20% - 12:09
4 - 0% - 10% - 0:00
PP Forward
1 - 54% - 60% - 4:49
2 - 46% - 40% - 4:04
PP Defense
1 - 59% - 60% - 5:14
2 - 41% - 40% - 3:39
PK Forward
1 - 72% - 60% - 4:46
2 - 28% - 40% - 1:52
PK Defense
1 - 61% - 60% - 4:01
2 - 39% - 40% - 2:37
PK3 Forward
1 - 0% - 60%
2 - 0% - 40%
PK3 Defense
1 - 0% - 60%
2 - 0% - 40%
44 Forward
1 - 0% - 60%
2 - 0% - 40%
44 Defense
1 - 0% - 60%
2 - 0% - 40%
Last Minute Offensive  - 0:00
Last Minute Defensive  - 0:31
Total
Forward - 60:00
Defense - 60:00

Play-by-Play

1st period


0:01 of 1st period - Max Pacioretty wins face-off versus Mike Hoffman in neutral zone.
0:07 of 1st period - Logan Couture is hit by Niklas Hjalmarsson and loses puck.
0:11 of 1st period - Minor Penalty to Josh Morrissey for Hooking.
0:12 of 1st period - Logan Couture wins face-off versus Mike Hoffman in EDMONTON Oilers zone.
0:12 of 1st period - Derick Brassard is hit by Madison Bowey and loses puck.
0:17 of 1st period - Shot by Logan Couture.
0:17 of 1st period - Shot Misses the Net.
0:19 of 1st period - Shot by Nino Niederreiter.
0:19 of 1st period - Deflect By Logan Couture.
0:19 of 1st period - Stopped by Sergei Bobrovsky without a rebound.
0:20 of 1st period - Riley Nash wins face-off versus Leo Komarov in EDMONTON Oilers zone.
0:21 of 1st period - Shot by Dmitry Orlov.
0:21 of 1st period - Shot Misses the Net.
0:34 of 1st period - Off-side.
0:35 of 1st period - Leo Komarov wins face-off versus Logan Couture in neutral zone.
0:46 of 1st period - Shot by Logan Couture.
0:46 of 1st period - Shot Misses the Net.
0:48 of 1st period - Shot by Hampus Lindholm.
0:48 of 1st period - Shot Misses the Net.
0:50 of 1st period - Shot by Logan Couture.
0:50 of 1st period - Shot Misses the Net.
0:52 of 1st period - Shot by Logan Couture.
0:52 of 1st period - Goal by Logan Couture - WINNIPEG Jets : 1 - EDMONTON Oilers : 0.
0:53 of 1st period - Ryan Johansen wins face-off versus Mark Letestu in neutral zone.
0:55 of 1st period - Marco Scandella is hit by Jimmy Vesey and loses puck.
0:56 of 1st period - Minor Penalty to Mark Letestu for High sticking.
0:57 of 1st period - Mike Hoffman wins face-off versus Derick Brassard in EDMONTON Oilers zone.
1:23 of 1st period - Shot by Rasmus Ristolainen.
1:23 of 1st period - Shot Blocked by Josh Morrissey.
1:25 of 1st period - Shot by Rasmus Ristolainen.
1:25 of 1st period - Shot Misses the Net.
1:27 of 1st period - Shot by Derick Brassard.
1:27 of 1st period - Stopped by Sergei Bobrovsky without a rebound.
1:28 of 1st period - Ryan Johansen wins face-off versus Leo Komarov in EDMONTON Oilers zone.
1:51 of 1st period - Shot by Ryan Johansen.
1:51 of 1st period - Shot Misses the Net.
1:57 of 1st period - Shot by Ryan Johansen.
1:57 of 1st period - Shot Hit the Post.
1:59 of 1st period - Shot by Riley Nash.
1:59 of 1st period - Stopped by Sergei Bobrovsky without a rebound.
2:00 of 1st period - Leo Komarov wins face-off versus Logan Couture in EDMONTON Oilers zone.
2:25 of 1st period - Shot by Logan Couture.
2:25 of 1st period - Deflect By Nino Niederreiter.
2:25 of 1st period - Stopped by Sergei Bobrovsky without a rebound.
2:26 of 1st period - Ryan Johansen wins face-off versus Leo Komarov in EDMONTON Oilers zone.
2:30 of 1st period - Ryan Johansen is hit by Dennis Seidenberg and loses puck.
2:37 of 1st period - Shot by Marco Scandella.
2:37 of 1st period - Stopped by Sergei Bobrovsky without a rebound.
2:38 of 1st period - Logan Couture wins face-off versus Mike Hoffman in EDMONTON Oilers zone.
2:43 of 1st period - Shot by Logan Couture.
2:43 of 1st period - Shot Blocked by Mike Hoffman.
3:20 of 1st period - Icing by Marco Scandella.
3:21 of 1st period - Jason Spezza wins face-off versus Ryan Johansen in WINNIPEG Jets zone.
3:24 of 1st period - Shot by Sam Gagner.
3:24 of 1st period - Shot Misses the Net.
3:26 of 1st period - Shot by Niklas Hjalmarsson.
3:26 of 1st period - Shot Misses the Net.
3:36 of 1st period - Shot by Jason Spezza.
3:36 of 1st period - Shot Misses the Net.
3:46 of 1st period - Shot by Sam Gagner.
3:46 of 1st period - Stopped by Matt Murray without a rebound.
3:47 of 1st period - Max Pacioretty wins face-off versus Mike Hoffman in WINNIPEG Jets zone.
4:11 of 1st period - Shot by Jordan Eberle.
4:11 of 1st period - Stopped by Matt Murray without a rebound.
4:12 of 1st period - Derick Brassard wins face-off versus Jason Spezza in WINNIPEG Jets zone.
4:12 of 1st period - Jordan Martinook is hit by Sam Gagner and loses puck.
4:49 of 1st period - Shot by Sam Gagner.
4:49 of 1st period - Stopped by Matt Murray with a rebound.
4:51 of 1st period - Shot by Josh Morrissey.
4:51 of 1st period - Stopped by Matt Murray without a rebound.
4:52 of 1st period - David Desharnais wins face-off versus Max Pacioretty in WINNIPEG Jets zone.
5:14 of 1st period - Shot by Mike Hoffman.
5:14 of 1st period - Stopped by Matt Murray without a rebound.
5:15 of 1st period - Ryan Johansen wins face-off versus Mark Letestu in WINNIPEG Jets zone.
5:15 of 1st period - Ryan Johansen is hit by Brian Flynn.
6:48 of 1st period - Shot by Jordan Eberle.
6:48 of 1st period - Shot Misses the Net.
7:32 of 1st period - Shot by Sam Gagner.
7:32 of 1st period - Shot Misses the Net.
8:00 of 1st period - Shot by David Desharnais.
8:00 of 1st period - Shot Misses the Net.
8:04 of 1st period - Shot by Mike Hoffman.
8:04 of 1st period - Shot Misses the Net.
8:06 of 1st period - Shot by Tanner Glass.
8:06 of 1st period - Stopped by Matt Murray with a rebound.
8:16 of 1st period - Shot by Brad Hunt.
8:16 of 1st period - Deflect By Mike Hoffman.
8:16 of 1st period - Stopped by Matt Murray with a rebound.
8:18 of 1st period - Shot by David Desharnais.
8:18 of 1st period - Shot Blocked by Steven Santini.
8:20 of 1st period - Shot by Brad Hunt.
8:20 of 1st period - Shot Blocked by Neal Pionk.
8:22 of 1st period - Shot by Madison Bowey.
8:22 of 1st period - Shot Misses the Net.
9:22 of 1st period - Shot by Jason Spezza.
9:22 of 1st period - Stopped by Matt Murray with a rebound.
9:24 of 1st period - Shot by Andrew Shaw.
9:24 of 1st period - Stopped by Matt Murray without a rebound.
9:25 of 1st period - Mike Hoffman wins face-off versus Max Pacioretty in WINNIPEG Jets zone.
9:32 of 1st period - Shot by Leo Komarov.
9:32 of 1st period - Stopped by Matt Murray without a rebound.
9:33 of 1st period - Mike Hoffman wins face-off versus Max Pacioretty in WINNIPEG Jets zone.
9:33 of 1st period - Minor Penalty to Rasmus Ristolainen for Interference.
9:34 of 1st period - Nino Niederreiter wins face-off versus Jason Spezza in WINNIPEG Jets zone.
9:34 of 1st period - Nino Niederreiter is hit by Andrew Shaw.
9:54 of 1st period - Shot by Dennis Seidenberg.
9:54 of 1st period - Shot Blocked by Nathan Beaulieu.
10:52 of 1st period - Shot by Josh Morrissey.
10:52 of 1st period - Stopped by Matt Murray with a rebound.
10:54 of 1st period - Shot by Leo Komarov.
10:54 of 1st period - Stopped by Matt Murray without a rebound.
10:55 of 1st period - Nino Niederreiter wins face-off versus Jason Spezza in WINNIPEG Jets zone.
10:55 of 1st period - Nino Niederreiter is hit by Andrew Shaw.
11:39 of 1st period - Minor Penalty to Andy Andreoff for Tripping.
11:40 of 1st period - Mike Hoffman wins face-off versus Ryan Johansen in WINNIPEG Jets zone.
11:40 of 1st period - Mike Hoffman is hit by Dmitry Orlov.
11:54 of 1st period - Shot by Jordan Eberle.
11:54 of 1st period - Shot Misses the Net.
11:56 of 1st period - Shot by Dennis Seidenberg.
11:56 of 1st period - Stopped by Matt Murray without a rebound.
11:57 of 1st period - Nino Niederreiter wins face-off versus Mike Hoffman in WINNIPEG Jets zone.
12:53 of 1st period - Shot by Josh Morrissey.
12:53 of 1st period - Shot Blocked by Marco Scandella.
13:26 of 1st period - Shot by Leo Komarov.
13:26 of 1st period - Shot Blocked by Dmitry Orlov.
13:28 of 1st period - Shot by Leo Komarov.
13:28 of 1st period - Stopped by Matt Murray with a rebound.
13:30 of 1st period - Shot by Dennis Seidenberg.
13:30 of 1st period - Shot Misses the Net.
13:32 of 1st period - Shot by Dennis Seidenberg.
13:32 of 1st period - Shot Misses the Net.
14:01 of 1st period - Minor Penalty to Steven Santini for Tripping.
14:02 of 1st period - Nino Niederreiter wins face-off versus Jason Spezza in WINNIPEG Jets zone.
14:09 of 1st period - Shot by Niklas Hjalmarsson.
14:09 of 1st period - Stopped by Matt Murray without a rebound.
14:10 of 1st period - Jason Spezza wins face-off versus Nino Niederreiter in WINNIPEG Jets zone.
14:13 of 1st period - Shot by Josh Morrissey.
14:13 of 1st period - Stopped by Matt Murray without a rebound.
14:14 of 1st period - Nino Niederreiter wins face-off versus Mike Hoffman in WINNIPEG Jets zone.
15:49 of 1st period - Derick Brassard is hit by Leo Komarov and loses puck.
16:24 of 1st period - Shot by Max Pacioretty.
16:24 of 1st period - Shot Misses the Net.
16:34 of 1st period - Shot by Neal Pionk.
16:34 of 1st period - Stopped by Sergei Bobrovsky with a rebound.
16:36 of 1st period - Shot by Max Pacioretty.
16:36 of 1st period - Deflect By Andy Andreoff.
16:36 of 1st period - Shot Blocked by Brad Hunt.
16:38 of 1st period - Shot by Andreas Martinsen.
16:38 of 1st period - Stopped by Sergei Bobrovsky without a rebound.
16:39 of 1st period - Tanner Glass wins face-off versus Ryan Johansen in EDMONTON Oilers zone.
17:38 of 1st period - Shot by Sam Gagner.
17:38 of 1st period - Shot Misses the Net.
18:11 of 1st period - Shot by Nino Niederreiter.
18:11 of 1st period - Shot Misses the Net.
18:13 of 1st period - Shot by Marco Scandella.
18:13 of 1st period - Stopped by Sergei Bobrovsky without a rebound.
18:14 of 1st period - Max Pacioretty wins face-off versus Mark Letestu in EDMONTON Oilers zone.
18:17 of 1st period - Shot by Logan Couture.
18:17 of 1st period - Shot Blocked by Mark Letestu.
18:19 of 1st period - Shot by Dmitry Orlov.
18:19 of 1st period - Stopped by Sergei Bobrovsky without a rebound.
18:20 of 1st period - Mike Hoffman wins face-off versus Max Pacioretty in EDMONTON Oilers zone.
18:42 of 1st period - Shot by Logan Couture.
18:42 of 1st period - Stopped by Sergei Bobrovsky without a rebound.
18:43 of 1st period - Derick Brassard wins face-off versus Mark Letestu in EDMONTON Oilers zone.
19:50 of 1st period - Shot by Mike Hoffman.
19:50 of 1st period - Stopped by Matt Murray without a rebound.
19:51 of 1st period - Jason Spezza wins face-off versus Andreas Martinsen in WINNIPEG Jets zone.
19:52 of 1st period - Shot by Andrew Shaw.
19:52 of 1st period - Shot Misses the Net.
Goals for this period are 1 for WINNIPEG Jets vs 0 for EDMONTON Oilers.
Shots for this period are 11 for WINNIPEG Jets vs 17 for EDMONTON Oilers.

2nd period


0:01 of 2nd period - Mike Hoffman wins face-off versus Max Pacioretty in neutral zone.
0:24 of 2nd period - Nino Niederreiter is hit by Niklas Hjalmarsson.
0:56 of 2nd period - Max Pacioretty is hit by Sam Gagner and loses puck.
1:06 of 2nd period - Jason Spezza is hit by Hampus Lindholm and loses puck.
1:17 of 2nd period - Shot by Andrew Shaw.
1:17 of 2nd period - Shot Blocked by Hampus Lindholm.
1:19 of 2nd period - Shot by Jason Spezza.
1:19 of 2nd period - Shot Blocked by Nino Niederreiter.
1:58 of 2nd period - Ryan Johansen is hit by Cody Franson and loses puck.
2:48 of 2nd period - Shot by Derick Brassard.
2:48 of 2nd period - Shot Misses the Net.
3:31 of 2nd period - Icing by Nathan Beaulieu.
3:32 of 2nd period - Mark Letestu wins face-off versus Andreas Martinsen in WINNIPEG Jets zone.
4:57 of 2nd period - Shot by Mike Hoffman.
4:57 of 2nd period - Shot Misses the Net.
4:59 of 2nd period - Shot by Leo Komarov.
4:59 of 2nd period - Goal by Leo Komarov - WINNIPEG Jets : 1 - EDMONTON Oilers : 1.
5:00 of 2nd period - David Desharnais wins face-off versus Andreas Martinsen in neutral zone.
5:00 of 2nd period - Niklas Hjalmarsson is hit by Andreas Martinsen and loses puck.
5:09 of 2nd period - Shot by David Desharnais.
5:09 of 2nd period - Shot Blocked by Max Pacioretty.
5:11 of 2nd period - Shot by Josh Morrissey.
5:11 of 2nd period - Shot Misses the Net.
5:22 of 2nd period - Mike Hoffman is hit by Steven Santini and loses puck.
5:53 of 2nd period - Shot by Jason Spezza.
5:53 of 2nd period - Shot Misses the Net.
6:00 of 2nd period - Sam Gagner is hit by Rasmus Ristolainen and loses puck.
6:19 of 2nd period - Shot by Robby Fabbri.
6:19 of 2nd period - Shot Misses the Net.
6:22 of 2nd period - Icing by Brad Hunt.
6:23 of 2nd period - Max Pacioretty wins face-off versus Mike Hoffman in EDMONTON Oilers zone.
6:41 of 2nd period - Jordan Eberle is hit by Dmitry Orlov and loses puck.
6:45 of 2nd period - Minor Penalty to Logan Couture for Holding.
6:46 of 2nd period - Nino Niederreiter wins face-off versus Jason Spezza in WINNIPEG Jets zone.
6:46 of 2nd period - Nino Niederreiter is hit by Andrew Shaw.
6:53 of 2nd period - Icing by Sam Gagner.
6:54 of 2nd period - Jason Spezza wins face-off versus Nino Niederreiter in EDMONTON Oilers zone.
7:03 of 2nd period - Shot by Andrew Shaw.
7:03 of 2nd period - Stopped by Matt Murray without a rebound.
7:04 of 2nd period - Mike Hoffman wins face-off versus Nino Niederreiter in WINNIPEG Jets zone.
7:42 of 2nd period - Shot by Niklas Hjalmarsson.
7:42 of 2nd period - Goal by Niklas Hjalmarsson - WINNIPEG Jets : 1 - EDMONTON Oilers : 2.
7:43 of 2nd period - Derick Brassard wins face-off versus Jason Spezza in neutral zone.
7:43 of 2nd period - Derick Brassard is hit by Andrew Shaw.
7:57 of 2nd period - Shot by Sam Gagner.
7:57 of 2nd period - Stopped by Matt Murray without a rebound.
7:58 of 2nd period - Ryan Johansen wins face-off versus Mark Letestu in WINNIPEG Jets zone.
9:09 of 2nd period - Shot by Sam Gagner.
9:09 of 2nd period - Stopped by Matt Murray without a rebound.
9:10 of 2nd period - Derick Brassard wins face-off versus Mike Hoffman in WINNIPEG Jets zone.
9:27 of 2nd period - Shot by Jordan Eberle.
9:27 of 2nd period - Stopped by Matt Murray without a rebound.
9:28 of 2nd period - Jason Spezza wins face-off versus Nino Niederreiter in WINNIPEG Jets zone.
9:54 of 2nd period - Shot by Logan Couture.
9:54 of 2nd period - Deflect By Max Pacioretty.
9:54 of 2nd period - Shot Misses the Net.
10:00 of 2nd period - Shot by Max Pacioretty.
10:00 of 2nd period - Stopped by Sergei Bobrovsky without a rebound.
10:01 of 2nd period - Ryan Johansen wins face-off versus Jordan Eberle in EDMONTON Oilers zone.
11:53 of 2nd period - Shot by Jordan Martinook.
11:53 of 2nd period - Shot Misses the Net.
13:50 of 2nd period - Icing by Dmitry Orlov.
13:51 of 2nd period - Ryan Johansen wins face-off versus Leo Komarov in WINNIPEG Jets zone.
14:01 of 2nd period - Shot by Jordan Eberle.
14:01 of 2nd period - Stopped by Matt Murray without a rebound.
14:02 of 2nd period - David Desharnais wins face-off versus Derick Brassard in WINNIPEG Jets zone.
15:06 of 2nd period - Shot by Logan Couture.
15:06 of 2nd period - Shot Blocked by Brad Hunt.
15:24 of 2nd period - Shot by Nino Niederreiter.
15:24 of 2nd period - Stopped by Sergei Bobrovsky without a rebound.
15:25 of 2nd period - Jason Spezza wins face-off versus Ryan Johansen in EDMONTON Oilers zone.
15:30 of 2nd period - Shot by Josh Morrissey.
15:30 of 2nd period - Stopped by Matt Murray without a rebound.
15:31 of 2nd period - Ryan Johansen wins face-off versus Andrew Shaw in WINNIPEG Jets zone.
15:33 of 2nd period - Icing by Robby Fabbri.
15:34 of 2nd period - Sam Gagner wins face-off versus Ryan Johansen in WINNIPEG Jets zone.
16:00 of 2nd period - Icing by Ryan Johansen.
16:01 of 2nd period - Mark Letestu wins face-off versus Ryan Johansen in WINNIPEG Jets zone.
16:02 of 2nd period - Shot by Jimmy Vesey.
16:02 of 2nd period - Stopped by Matt Murray without a rebound.
16:03 of 2nd period - Max Pacioretty wins face-off versus Mark Letestu in WINNIPEG Jets zone.
16:18 of 2nd period - Shot by Logan Couture.
16:18 of 2nd period - Shot Misses the Net.
16:20 of 2nd period - Shot by Nino Niederreiter.
16:20 of 2nd period - Stopped by Sergei Bobrovsky without a rebound.
16:21 of 2nd period - Ryan Johansen wins face-off versus Mike Hoffman in EDMONTON Oilers zone.
16:34 of 2nd period - Shot by Josh Morrissey.
16:34 of 2nd period - Shot Misses the Net.
16:39 of 2nd period - Jordan Eberle is hit by Dmitry Orlov and loses puck.
17:52 of 2nd period - Minor Penalty to Dennis Seidenberg for Tripping.
17:53 of 2nd period - Ryan Johansen wins face-off versus Mike Hoffman in EDMONTON Oilers zone.
18:00 of 2nd period - Shot by Hampus Lindholm.
18:00 of 2nd period - Stopped by Sergei Bobrovsky without a rebound.
18:01 of 2nd period - Logan Couture wins face-off versus Mike Hoffman in EDMONTON Oilers zone.
18:20 of 2nd period - Shot by Logan Couture.
18:20 of 2nd period - Stopped by Sergei Bobrovsky without a rebound.
18:21 of 2nd period - Ryan Johansen wins face-off versus Mike Hoffman in EDMONTON Oilers zone.
18:30 of 2nd period - Shot by Jordan Martinook.
18:30 of 2nd period - Shot Misses the Net.
18:32 of 2nd period - Shot by Dmitry Orlov.
18:32 of 2nd period - Shot Misses the Net.
18:44 of 2nd period - Shot by Dmitry Orlov.
18:44 of 2nd period - Shot Blocked by Cody Franson.
18:46 of 2nd period - Shot by Jordan Martinook.
18:46 of 2nd period - Shot Blocked by Cody Franson.
18:48 of 2nd period - Shot by Marco Scandella.
18:48 of 2nd period - Shot Blocked by Madison Bowey.
18:50 of 2nd period - Shot by Marco Scandella.
18:50 of 2nd period - Shot Misses the Net.
18:54 of 2nd period - Shot by Marco Scandella.
18:54 of 2nd period - Shot Misses the Net.
18:56 of 2nd period - Shot by Riley Nash.
18:56 of 2nd period - Stopped by Sergei Bobrovsky without a rebound.
18:57 of 2nd period - Leo Komarov wins face-off versus Nino Niederreiter in EDMONTON Oilers zone.
18:57 of 2nd period - Leo Komarov is hit by Derick Brassard.
19:04 of 2nd period - Icing by Nino Niederreiter.
19:05 of 2nd period - Logan Couture wins face-off versus Leo Komarov in WINNIPEG Jets zone.
Goals for this period are 0 for WINNIPEG Jets vs 2 for EDMONTON Oilers.
Shots for this period are 6 for WINNIPEG Jets vs 9 for EDMONTON Oilers.

3rd period


0:01 of 3rd period - Mike Hoffman wins face-off versus Max Pacioretty in neutral zone.
0:30 of 3rd period - Icing by Max Pacioretty.
0:31 of 3rd period - Jason Spezza wins face-off versus Max Pacioretty in WINNIPEG Jets zone.
0:43 of 3rd period - Icing by Hampus Lindholm.
0:44 of 3rd period - Brian Flynn wins face-off versus Max Pacioretty in WINNIPEG Jets zone.
1:03 of 3rd period - Mark Letestu is hit by Max Pacioretty and loses puck.
2:09 of 3rd period - Josh Morrissey is hit by Steven Santini and loses puck.
2:12 of 3rd period - Shot by Jordan Eberle.
2:12 of 3rd period - Stopped by Matt Murray without a rebound.
2:13 of 3rd period - Riley Nash wins face-off versus Jason Spezza in WINNIPEG Jets zone.
2:28 of 3rd period - Dennis Seidenberg is hit by Jordan Martinook.
2:39 of 3rd period - Icing by Andrew Shaw.
2:40 of 3rd period - Jason Spezza wins face-off versus Max Pacioretty in EDMONTON Oilers zone.
2:58 of 3rd period - Jason Spezza is hit by Steven Santini and loses puck.
3:12 of 3rd period - Off-side.
3:13 of 3rd period - Mike Hoffman wins face-off versus Derick Brassard in neutral zone.
3:45 of 3rd period - Shot by Riley Nash.
3:45 of 3rd period - Shot Misses the Net.
4:15 of 3rd period - Shot by Mark Letestu.
4:15 of 3rd period - Stopped by Matt Murray with a rebound.
4:57 of 3rd period - Shot by Logan Couture.
4:57 of 3rd period - Stopped by Sergei Bobrovsky without a rebound.
4:58 of 3rd period - Ryan Johansen wins face-off versus Jason Spezza in EDMONTON Oilers zone.
5:11 of 3rd period - Shot by Robby Fabbri.
5:11 of 3rd period - Stopped by Sergei Bobrovsky without a rebound.
5:12 of 3rd period - David Desharnais wins face-off versus Andy Andreoff in EDMONTON Oilers zone.
5:16 of 3rd period - David Desharnais is hit by Marco Scandella and loses puck.
6:23 of 3rd period - Ryan Johansen is hit by Andrew Shaw and loses puck.
6:30 of 3rd period - Shot by Ryan Johansen.
6:30 of 3rd period - Stopped by Sergei Bobrovsky without a rebound.
6:31 of 3rd period - Derick Brassard wins face-off versus Mark Letestu in EDMONTON Oilers zone.
6:32 of 3rd period - Shot by Neal Pionk.
6:32 of 3rd period - Shot Misses the Net.
6:36 of 3rd period - Shot by Riley Nash.
6:36 of 3rd period - Shot Misses the Net.
6:38 of 3rd period - Shot by Derick Brassard.
6:38 of 3rd period - Stopped by Sergei Bobrovsky without a rebound.
6:39 of 3rd period - Jason Spezza wins face-off versus Derick Brassard in EDMONTON Oilers zone.
6:49 of 3rd period - Riley Nash is hit by Dennis Seidenberg and loses puck.
7:08 of 3rd period - Riley Nash is hit by Dennis Seidenberg and loses puck.
7:15 of 3rd period - Shot by Riley Nash.
7:15 of 3rd period - Shot Misses the Net.
7:17 of 3rd period - Shot by Riley Nash.
7:17 of 3rd period - Shot Misses the Net.
7:23 of 3rd period - Shot by Riley Nash.
7:23 of 3rd period - Shot Misses the Net.
7:45 of 3rd period - Shot by Logan Couture.
7:45 of 3rd period - Stopped by Sergei Bobrovsky without a rebound.
7:46 of 3rd period - Ryan Johansen wins face-off versus Mike Hoffman in EDMONTON Oilers zone.
7:55 of 3rd period - Shot by Ryan Johansen.
7:55 of 3rd period - Deflect By Robby Fabbri.
7:55 of 3rd period - Shot Misses the Net.
8:07 of 3rd period - Minor Penalty to Josh Morrissey for Roughing.
8:08 of 3rd period - Logan Couture wins face-off versus Mike Hoffman in EDMONTON Oilers zone.
8:09 of 3rd period - Shot by Derick Brassard.
8:09 of 3rd period - Stopped by Sergei Bobrovsky without a rebound.
8:10 of 3rd period - Logan Couture wins face-off versus Mike Hoffman in EDMONTON Oilers zone.
8:27 of 3rd period - Shot by Logan Couture.
8:27 of 3rd period - Shot Hit the Post.
8:29 of 3rd period - Shot by Logan Couture.
8:29 of 3rd period - Shot Misses the Net.
8:31 of 3rd period - Shot by Hampus Lindholm.
8:31 of 3rd period - Stopped by Sergei Bobrovsky without a rebound.
8:32 of 3rd period - Ryan Johansen wins face-off versus Mike Hoffman in EDMONTON Oilers zone.
8:33 of 3rd period - Shot by Dmitry Orlov.
8:33 of 3rd period - Stopped by Sergei Bobrovsky without a rebound.
8:34 of 3rd period - Ryan Johansen wins face-off versus Mike Hoffman in EDMONTON Oilers zone.
8:41 of 3rd period - Shot by Riley Nash.
8:41 of 3rd period - Shot Blocked by Niklas Hjalmarsson.
8:43 of 3rd period - Shot by Rasmus Ristolainen.
8:43 of 3rd period - Stopped by Sergei Bobrovsky without a rebound.
8:44 of 3rd period - Logan Couture wins face-off versus Mike Hoffman in EDMONTON Oilers zone.
9:03 of 3rd period - Shot by Derick Brassard.
9:03 of 3rd period - Shot Misses the Net.
9:09 of 3rd period - Shot by Rasmus Ristolainen.
9:09 of 3rd period - Shot Blocked by Dennis Seidenberg.
9:21 of 3rd period - Shot by Derick Brassard.
9:21 of 3rd period - Stopped by Sergei Bobrovsky without a rebound.
9:22 of 3rd period - Leo Komarov wins face-off versus Ryan Johansen in EDMONTON Oilers zone.
9:41 of 3rd period - Shot by Dmitry Orlov.
9:41 of 3rd period - Stopped by Sergei Bobrovsky without a rebound.
9:42 of 3rd period - Leo Komarov wins face-off versus Logan Couture in EDMONTON Oilers zone.
10:12 of 3rd period - Shot by Sonny Milano.
10:12 of 3rd period - Stopped by Sergei Bobrovsky without a rebound.
10:13 of 3rd period - Mark Letestu wins face-off versus Ryan Johansen in EDMONTON Oilers zone.
10:24 of 3rd period - Shot by Robby Fabbri.
10:24 of 3rd period - Stopped by Sergei Bobrovsky without a rebound.
10:25 of 3rd period - Jason Spezza wins face-off versus Andreas Martinsen in EDMONTON Oilers zone.
10:37 of 3rd period - Shot by Max Pacioretty.
10:37 of 3rd period - Shot Misses the Net.
11:34 of 3rd period - Shot by Mike Hoffman.
11:34 of 3rd period - Stopped by Matt Murray with a rebound.
12:38 of 3rd period - Madison Bowey is hit by Derick Brassard.
12:58 of 3rd period - Shot by Derick Brassard.
12:58 of 3rd period - Stopped by Sergei Bobrovsky without a rebound.
12:59 of 3rd period - Max Pacioretty wins face-off versus David Desharnais in EDMONTON Oilers zone.
13:10 of 3rd period - Shot by Logan Couture.
13:10 of 3rd period - Stopped by Sergei Bobrovsky without a rebound.
13:11 of 3rd period - Jason Spezza wins face-off versus Max Pacioretty in EDMONTON Oilers zone.
13:16 of 3rd period - Cody Franson is hit by Nino Niederreiter.
13:22 of 3rd period - Shot by Andrew Shaw.
13:22 of 3rd period - Stopped by Matt Murray without a rebound.
13:23 of 3rd period - Mike Hoffman wins face-off versus Derick Brassard in WINNIPEG Jets zone.
13:27 of 3rd period - Icing by Hampus Lindholm.
13:28 of 3rd period - Derick Brassard wins face-off versus Leo Komarov in WINNIPEG Jets zone.
14:11 of 3rd period - Off-side.
14:12 of 3rd period - Max Pacioretty wins face-off versus Jason Spezza in neutral zone.
14:36 of 3rd period - Icing by Andrew Shaw.
14:37 of 3rd period - Ryan Johansen wins face-off versus Jason Spezza in EDMONTON Oilers zone.
14:45 of 3rd period - Minor Penalty to Steven Santini for Roughing.
14:46 of 3rd period - Mike Hoffman wins face-off versus Nino Niederreiter in WINNIPEG Jets zone.
15:13 of 3rd period - Shot by Leo Komarov.
15:13 of 3rd period - Stopped by Matt Murray without a rebound.
15:14 of 3rd period - Nino Niederreiter wins face-off versus Jason Spezza in WINNIPEG Jets zone.
15:14 of 3rd period - Nino Niederreiter is hit by Andrew Shaw.
15:24 of 3rd period - Hampus Lindholm is hit by Andrew Shaw and loses puck.
15:56 of 3rd period - Shot by Andrew Shaw.
15:56 of 3rd period - Stopped by Matt Murray with a rebound.
16:33 of 3rd period - Shot by Leo Komarov.
16:33 of 3rd period - Stopped by Matt Murray with a rebound.
16:35 of 3rd period - Shot by Mike Hoffman.
16:35 of 3rd period - Shot Blocked by Dmitry Orlov.
16:45 of 3rd period - Shot by Jordan Eberle.
16:45 of 3rd period - Deflect By Mark Letestu.
16:45 of 3rd period - Shot Misses the Net.
17:05 of 3rd period - Shot by Andy Andreoff.
17:05 of 3rd period - Stopped by Sergei Bobrovsky with a rebound.
17:07 of 3rd period - Shot by Andy Andreoff.
17:07 of 3rd period - Stopped by Sergei Bobrovsky without a rebound.
17:08 of 3rd period - David Desharnais wins face-off versus Sonny Milano in EDMONTON Oilers zone.
17:33 of 3rd period - Tanner Glass is hit by Ryan Johansen and loses puck.
18:01 of 3rd period - Robby Fabbri is hit by Josh Morrissey and loses puck.
18:20 of 3rd period - Shot by Max Pacioretty.
18:20 of 3rd period - Shot Misses the Net.
19:04 of 3rd period - WINNIPEG Jets, Matt Murray is pulled from the net.
Goals for this period are 0 for WINNIPEG Jets vs 0 for EDMONTON Oilers.
Shots for this period are 17 for WINNIPEG Jets vs 7 for EDMONTON Oilers.